 Dungeon Crawl Stone Soup version 0.32-a0-629-g87aaac5 (webtiles) character file.

Game seed: 4522223324309273167

1967794 Wizard1ke the Cogmind (level 27, 193/201 HPs)
             Began as a Coglin Earth Elementalist on Mar 5, 2024.
             Was a High Priest of Hepliaklqana.
             Escaped with the Orb
             ... and 4 runes on Mar 6, 2024!
             The game lasted 03:43:10 (95951 turns).

Wizard1ke the Cogmind (Coglin Earth Elementalist)  Turns: 95951, Time: 03:43:10

Health: 193/201    AC: 11    Str: 11    XL:     27
Magic:  54/72      EV: 16    Int: 30    God:    Hepliaklqana [*****.]
Gold:   2455       SH:  0    Dex: 14    Spells: 19/80 levels left

rFire   + + +        D - staff "Asuoqoar" {rF+ SInv Conj Hexes Fire}
rCold   + . .        I - staff of Prudence {rN+ MP+9 Stlth+ Conj Necro}
rNeg    + . .        f - +1 robe of Ignis's Approval {rElec}
rPois   +            k - +2 helmet {Int+3}
rElec   +            Q - scarf {rC+ rF+}
rCorr   +            X - +2 pair of gloves of Death Resistance {Will+ Regen+ Int+2 Stlth-}
SInv    +            P - +1 pair of boots of Loasch {rElec rPois MP+9 Dex-2}
Will    +++..        (amulet unavailable)
Stlth   +            (ring unavailable)
HPRegen 2.13/turn    (ring unavailable)
MPRegen 0.83/turn    m - secondary samoflange {rPois rF+ Regen+ RegenMP+ rCorr}

%: no passive effects
@: studying 3 skills
A: reduced essence, off-hand wielding, slow wielding, warmup strikes, no
jewellery, inability to drink after injury 1
0: Orb of Zot
}: 4/15 runes: decaying, serpentine, slimy, silver
a: Renounce Religion, Recall Ancestor, Ancestor Identity, Transference, Idealise


You escaped.
You worshipped Hepliaklqana.
Hepliaklqana was extremely pleased with you.
You visited 13 branches of the dungeon, and saw 57 of its levels.
You visited the Abyss 1 time.
You also visited: Trove and Ice Cave.

You collected 10429 gold pieces.
You spent 7974 gold pieces at shops.

Inventory:

Hand Weapons
 Z - the +9 staff of Olgreb {rPois∞}
   (You found it on level 3 of the Crypt)

   Radiate:   It can be activated via the 'a'bility menu to radiate toxic
   energy, with effectiveness depending on Evocations skill.
   Alch:      It enhances your alchemy magic.
   rPois∞: It grants immunity to poison.
Missiles
 x - 21 curare-tipped darts
 N - 2 throwing nets
Armour
 f - the +1 robe of Ignis's Approval (worn) {rElec}
   (You found it in a treasure trove)

   rElec:     It insulates you from electricity.
 k - a +2 helmet of intelligence (worn)
 q - a +2 robe of positive energy
 C - the +4 robe of Repulsion {rC+ Dex+3}
   (You took it off Boris on level 5 of the Vaults)

   Dex+3:     It affects your dexterity (+3).
   rC+:       It protects you from cold.
 P - the +1 pair of boots of Loasch (worn) {rElec rPois MP+9 Dex-2}
   (You found it on level 5 of the Pits of Slime)

   Dex-2:     It affects your dexterity (-2).
   rElec:     It insulates you from electricity.
   rPois:     It protects you from poison.
   MP+9:      It affects your magic capacity (+9).
 Q - a scarf of resistance (worn)
 X - the +2 pair of gloves of Death Resistance (worn) {Will+ Regen+ Int+2 Stlth-}
   (You acquired it on level 4 of the Vaults)

   Int+2:     It affects your intelligence (+2).
   Will+:     It increases your willpower.
   Regen+:    It increases your rate of health regeneration.
   Stlth-:    It makes you less stealthy.
Magical Staves
 w - a staff of cold {Kyoko}
 D - the staff "Asuoqoar" (weapon) {rF+ SInv Conj Hexes Fire}
   (You found it on level 2 of the Depths)

   [staff of fire]

   Base accuracy: +5 Base damage: 5 Base attack delay: 1.2 This weapon's minimum
   attack delay (0.6) is reached at skill level 12.
   rF+:       It protects you from fire.
   SInv:      It lets you see invisible.
   Conj:      It increases the power of your Conjurations spells.
   Hexes:     It increases the power of your Hexes spells.
   Fire:      It increases the power of your Fire spells.
   It falls into the 'Staves' category.
   It is a one-graspered weapon.
 I - the staff of Prudence (offhand) {rN+ MP+9 Stlth+ Conj Necro}
   (You found it on level 3 of the Crypt)

   [staff of death]

   Base accuracy: +5 Base damage: 5 Base attack delay: 1.2 This weapon's minimum
   attack delay (0.6) is reached at skill level 12.
   rN+:       It protects you from negative energy.
   MP+9:      It affects your magic capacity (+9).
   Stlth+:    It makes you more stealthy.
   Conj:      It increases the power of your Conjurations spells.
   Necro:     It increases the power of your Necromancy spells.
   It falls into the 'Staves' category.
   It is a one-graspered weapon.
 J - a staff of fire {Santiago}
Gizmo
 m - a secondary samoflange (installed) {rPois rF+ Regen+ RegenMP+ rCorr}
   (You invented it yourself on level 4 of the Lair of Beasts)

   [secondary samoflange]

   rF+:       It protects you from fire.
   rPois:     It protects you from poison.
   Regen+:    It increases your rate of health regeneration.
   rCorr:     It protects you from acid and corrosion.
   RegenMP+:  It increases your rate of magic regeneration.
Wands
 e - a wand of mindburst (41)
 o - a wand of warping (56)
 E - a wand of charming (24)
 U - a wand of acid (10)
 W - a wand of digging (18)
Scrolls
 a - 3 scrolls of fear
 d - 6 scrolls of amnesia
 h - 6 scrolls of silence {!r}
 l - 3 scrolls of fog
 n - 9 scrolls of immolation
 p - 4 scrolls of enchant armour
 r - 28 scrolls of identify
 t - 8 scrolls of blinking
 y - 14 scrolls of teleportation
 z - 6 scrolls of revelation
 B - 18 scrolls of poison
 R - 4 scrolls of butterflies
 Y - 9 scrolls of vulnerability
Potions
 b - 27 potions of curing
 g - 15 potions of enlightenment
 j - a potion of cancellation
 s - 9 potions of attraction
 u - 15 potions of heal wounds
 v - 14 potions of lignification
 A - 6 potions of haste
 H - 3 potions of mutation
 L - 3 potions of brilliance
 M - 5 potions of ambrosia
 S - 4 potions of resistance
 T - 3 potions of berserk rage {!q}
 V - 4 potions of might
Miscellaneous
 c - a lightning rod (4/4)
 i - a phantom mirror
 G - a sack of spiders
 K - a condenser vane
 O - a phial of floods


   Skills:
 + Level 20.2 Fighting
 - Level 10.0 Dodging
 - Level 1.5 Stealth
 O Level 27 Spellcasting
 - Level 22.0 Conjurations
 - Level 10.0 Summonings
 - Level 15.0 Earth Magic
 - Level 10.0 Alchemy
 - Level 10.0 Invocations
 - Level 12.0 Evocations


You had 19 spell levels left.
You knew the following spells:

 Your Spells              Type           Power      Damage    Failure   Level
a - Sandblast             Erth           100%       2d20      0%          1
b - Passwall              Erth           92%        N/A       0%          3
c - Stone Arrow           Conj/Erth      100%       3d13      0%          3
d - Brom's Barrelling Bo  Conj/Erth      100%       2d11      0%          4
e - Bombard               Conj/Erth      74%        9d12      1%          6
f - Irradiate             Conj/Alch      70%        3d35      1%          5
g - Blink                 Tloc           80%        N/A       1%          2
h - Yara's Violent Unrav  Hex/Alch       40%        3d16      2%          5
i - Fireball              Conj/Fire      75%        3d28      1%          5
j - Spellforged Servitor  Conj/Summ      70%        N/A       1%          7
k - Lehudib's Crystal Sp  Conj/Erth      74%        10d17     1%          8
l - Orb of Destruction    Conj           78%        9d18      1%          7
m - Lee's Rapid Deconstr  Erth           46%        3d22*     1%          5

Your spell library contained the following spells:

 Spells                   Type           Power      Damage    Failure   Level
 Foxfire                  Conj/Fire      100%       2x1d9     0%          1
 Kiss of Death            Conj/Necr      100%       2d13      0%          1
 Magic Dart               Conj           100%       1d8       0%          1
 Shock                    Conj/Air       100%       1d9       0%          1
 Summon Small Mammal      Summ           100%       N/A       0%          1
 Call Imp                 Summ           100%       N/A       0%          2
 Searing Ray              Conj           100%       2d8       0%          2
 Fulminant Prism          Conj/Alch      70%        3d29      0%          4
 Iskenderun's Battlesphe  Conj           100%       2d15      0%          5
 Necrotise                Necr           100%       1d9       1%          1
 Slow                     Hex            100%       N/A       1%          1
 Cigotuvi's Dreadful Rot  Necr/Alch/Air  100%       N/A       1%          2
 Ensorcelled Hibernation  Hex/Ice        100%       N/A       1%          2
 Lesser Beckoning         Tloc           80%        N/A       1%          2
 Mercury Vapours          Alch/Air       100%       N/A       1%          2
 Sublimation of Blood     Necr           57%        N/A       1%          2
 Call Canine Familiar     Summ           79%        N/A       1%          3
 Fugue of the Fallen      Necr           57%        N/A       1%          3
 Gell's Gravitas          Tloc           40%        N/A       1%          3
 Hailstorm                Conj/Ice       100%       3d16      1%          3
 Inner Flame              Hex/Fire       74%        N/A       1%          3
 Mephitic Cloud           Conj/Alch/Air  100%       N/A       1%          3
 Ozocubu's Armour         Ice            40%        N/A       1%          3
 Sigil of Binding         Hex            57%        N/A       1%          3
 Summon Ice Beast         Ice/Summ       63%        N/A       1%          3
 Swiftness                Air            40%        N/A       1%          3
 Teleport Other           Tloc           40%        N/A       1%          3
 Tukima's Dance           Hex            57%        N/A       1%          3
 Vampiric Draining        Necr           57%        2d10      1%          3
 Flame Wave               Conj/Fire      100%       2d21      1%          4
 Ignite Poison            Fire/Alch      81%        N/A       1%          4
 Iskenderun's Mystic Bla  Conj/Tloc      100%       2d19      1%          4
 Leda's Liquefaction      Alch/Erth      43%        N/A       1%          4
 Martyr's Knell           Necr/Summ      81%        N/A       1%          4
 Petrify                  Alch/Erth      86%        N/A       1%          4
 Sticky Flame             Fire/Alch      81%        2d13      1%          4
 Summon Blazeheart Golem  Fire/Summ      81%        N/A       1%          4
 Arcjolt                  Conj/Air       63%        1d73      1%          5
 Freezing Cloud           Conj/Ice/Air   56%        6-21      1%          5
 Conjure Ball Lightning   Conj/Air       63%        3x3d23    1%          6
 Eringya's Noxious Bog    Alch           39%        4d6       1%          6
 Starburst                Conj/Fire      75%        6d19      1%          6
 Summon Cactus Giant      Summ           39%        N/A       1%          6
 Summon Forest            Summ/Tloc      31%        N/A       2%          5
 Summon Mana Viper        Hex/Summ       81%        N/A       2%          5
 Airstrike                Air            20%        2d(3-19)  6%          4
 Anguish                  Hex/Necr       37%        N/A       6%          4
 Animate Dead             Necr           57%        N/A       6%          4
 Cause Fear               Hex            28%        N/A       6%          4
 Dimensional Bullseye     Hex/Tloc       28%        N/A       6%          4
 Manifold Assault         Tloc           40%        N/A       6%          4
 Passage of Golubria      Tloc           40%        N/A       6%          4
 Vhi's Electric Charge    Tloc/Air       80%        N/A       6%          4
 Summon Hydra             Summ           39%        N/A       9%          7
 Sculpt Simulacrum        Ice/Alch       31%        N/A       12%         6
 Curse of Agony           Necr           57%        N/A       17%         5
 Metabolic Englaciation   Hex/Ice        28%        N/A       17%         5
 Haunt                    Necr/Summ      40%        N/A       54%         7
 Malign Gateway           Summ/Tloc      31%        N/A       54%         7
 Summon Horrible Things   Summ           39%        N/A       54%         8
 Dispersal                Tloc           20%        N/A       67%         6
 Plasma Beam              Fire/Air       28%        2x1d41    67%         6
 Shatter                  Erth           46%        3d35*     78%         9
 Enfeeble                 Hex            28%        N/A       99%         7
 Borgnjor's Revivificati  Necr           28%        N/A       100%        8
 Discord                  Hex            28%        N/A       100%        8
 Disjunction              Tloc           20%        N/A       100%        8
 Ignition                 Fire           28%        3d9       100%        8
 Infestation              Necr           28%        N/A       100%        8
 Maxwell's Capacitive Co  Air            20%        ∞         100%        8
 Chain Lightning          Conj/Air       63%        3d84      100%        9
 Death's Door             Necr           28%        N/A       100%        9
 Dragon's Call            Summ           39%        N/A       100%        9
 Fire Storm               Conj/Fire      75%        8d19      100%        9


Dungeon Overview and Level Annotations

Branches:
Dungeon (15/15)            Temple (1/1) D:4            Lair (5/5) D:10
  Swamp (4/4) Lair:3        Snake (4/4) Lair:2        Slime (5/5) Lair:5
    Orc (2/2) D:9             Elf (3/3) Orc:2        Vaults (5/5) D:13
  Crypt (3/3) Vaults:3       Tomb (0/3) Crypt:3      Depths (4/4) D:15
   Hell (visited)             Zot (5/5) Depths:4      IceCv (visited)
    Dis: Hell:1         Geh: Hell:1         Coc: Hell:1         Tar: Hell:1

Altars:
Ashenzari
Cheibriados
Dithmenos
Elyvilon
Fedhas
Gozag
Hepliaklqana
Kikubaaqudgha
Makhleb
Nemelex Xobeh
Okawaru
Qazlal
Ru
Sif Muna
Trog
Uskayaw
Vehumet
Wu Jian
Xom
Yredelemnul
Zin
The Shining One
Beogh
Jiyva

Shops:
D:4 *   D:7 ::[(=   D:8 *   Orc:2 [(?(   Elf:3 [   Snake:4 :   Vaults:1 ?
Vaults:4 ?   Vaults:5 !!??!   Depths:1 (

Portals:
Hell: Depths:1 Depths:2 Depths:3 Depths:4
Abyss: Depths:2 Depths:3
Pandemonium: Depths:2
Ziggurat: Depths:4

Annotations:
D:5 Prince Ribbit
Elf:2 3 runed translucent doors, exclusion: orange crystal statue
Elf:3 Roxanne
Vaults:5 !vaults warning!vaults warning
Crypt:2 3 runed translucent doors, exclusion: 3 doors, Zoalos's ghost, veteran GrEE
Hell Murray


Innate Abilities, Weirdness & Mutations

Your life essence is reduced to manifest your ancestor. (-10% HP)
You can wield a second weapon in your off-hand.
It takes a long time for you to wield or remove held weapons.
Your first few attacks do less damage.
You cannot equip rings or amulets.
You occasionally lose the ability to drink potions when taking damage.


Message History

You swap places.
There is an escape hatch in the floor here.
There is a stone staircase leading up here.
You climb upwards.
There is a stone staircase leading down here.
Things that are here:
a +0 leather armour; a +0 whip; an orc skeleton
There is a stone staircase leading up here.
You climb upwards.
There is a stone staircase leading down here.
There is a stone staircase leading up here.
You climb upwards.
There is a stone staircase leading down here.
There is an open door here.
There is an open door here.
A demonspawn blood saint comes into view.
It is wielding a +0 quarterstaff and wearing a +2 robe of willpower.
There is an open door here.
Aiming: Lehudib's Crystal Spear (dangerous; 1% risk of failure)
Press: ? - help, Q - select action, (/) - cycle Shift-Dir - straight line, f - demonspawn blood saint
Aim: a demonspawn blood saint, wielding a +0 quarterstaff and wearing a +2 robe of willpower (81% to hit)
You feel a strong surge of power!
The crystal spear hits the demonspawn blood saint!!!
The demonspawn blood saint is severely wounded.
The balrug gestures at you. Makhleb smites you!
Aiming: Lehudib's Crystal Spear (dangerous; 1% risk of failure)
Press: ? - help, Q - select action, (/) - cycle Shift-Dir - straight line, f/p - demonspawn blood saint
Aim: a demonspawn blood saint, wielding a +0 quarterstaff and wearing a +2 robe of willpower (severely wounded, 81% to hit)
You feel a strong surge of power!
The crystal spear hits the demonspawn blood saint!!!!
You kill the demonspawn blood saint!
The balrug gestures at you. The bolt of fire hits you. You resist.
Aiming: Lehudib's Crystal Spear (dangerous; 1% risk of failure)
Press: ? - help, Q - select action, (/) - cycle Shift-Dir - straight line, f - balrug
Aim: a balrug, wielding a +0 demon whip (ally target, 81% to hit)
You feel a strong surge of power!
The crystal spear hits the balrug!!!!
You kill the balrug!
There is a staircase leading out of the dungeon here.
You have escaped!

#.#.#.............#.###
#.#.#.###########.#...#
#.#.#..#.......#..###.#
#.#.#R#.#######.#.# #.#
#.#.#.##.....).##.# #.#
#...#.#.###'###.#.# #.#
##.###.#.#.....#.#.# #.#
#..###.#.#..R..#.#.###.#
####..'.'.#.+..@..).#.'.'.#
##.....###.#.#.....#.#.#####
.#.##.## #.#.#.....#.#.#
...##.# #.#.###+###.#.#
##.##.# #.##.......##.#
#....# #.#.#######.#.#
#.#..# #..#.......#..#
#)#.## #.###########.#
#.#..####.............#


You could see the friendly Bekaiwk the knight (reflecting).

Vanquished Creatures
  the Royal Jelly (Slime:5)
  Dissolution (Slime:1)
  Frederick (Vaults:3)
  Khufu (Crypt:3)
  4 dread liches
  5 ancient liches
  4 orbs of fire (Zot:5)
  2 juggernauts
  A royal mummy (Crypt:3)
  4 Killer Klowns (Zot:5)
  2 curse toes (Zot:5)
  3 golden dragons
  Geryon (Hell)
  A caustic shrike (Depths:3)
  Norris (Vaults:1)
  3 doom hounds (Depths:4)
  2 electric golems
  2 bone dragons
  A hellephant (Abyss:3)
  14 tentacled monstrosities
  Rupert (D:12)
  4 titans
  2 liches
  Asterion (Snake:1)
  A deep elf blademaster (Elf:3)
  22 Orb Guardians
  A deep elf master archer (Elf:3)
  6 sphinxes
  A quicksilver dragon (Vaults:5)
  7 acid blobs
  2 ancient champions (Vaults:3)
  7 death cobs
  Aizul (Snake:3)
  7 shadow dragons
  7 rockslimes
  Kirke (Snake:1)
  3 tengu reavers
  9 azure jellies
  6 storm dragons
  10 fire giants
  4 nagarajas
  9 draconian monks
  2 protean progenitors
  A fenstrider witch (Swamp:3)
  The ghost of 9stopf the Spear-Bearer, an adept CoWr of Cheibriados (Swamp:3)
  6 draconian knights
  A revenant (Crypt:1)
  An iron dragon (Vaults:5)
  2 balrugs
  5 deep elf sorcerers
  6 draconian shifters
  5 frost giants
  3 curse skulls
  A ghost moth (Zot:4)
  2 deep elf elementalists (Elf:3)
  Louise (Elf:1)
  8 draconian stormcallers
  13 vault wardens
  7 draconian annihilators
  9 draconian scorchers
  3 reapers
  3 orc warlords
  A juggernaut skeleton (Crypt:3)
  11 quicksilver oozes
  A broodmother (shapeshifter) (Elf:1)
  4 ghouls
  A caustic shrike skeleton (Depths:3)
  19 ironbound preservers
  2 spriggan defenders
  2 broodmothers (Zot:2)
  A juggernaut zombie (Crypt:3)
  A demonspawn blood saint (D:1)
  A formless jellyfish (Vaults:1)
  7 green draconians
  11 stone giants
  12 very ugly things
  9 vampire knights
  Nessos (D:15)
  5 ironbound thunderhulks
  7 deep elf demonologists
  6 eleionomae
  8 deep elf death magi
  A lorocyproca (Hell)
  10 white draconians
  6 bunyips
  10 red draconians
  6 spark wasps
  11 deep elf annihilators
  16 black draconians
  3 war gargoyles (Crypt:3)
  2 dire elephants (Vaults:1)
  8 yellow draconians
  8 purple draconians
  10 jiangshi
  A green death (Zot:5)
  A mummy priest (Crypt:3)
  7 ettins
  A blizzard demon (Zot:5)
  An eidolon (Crypt:1)
  An entropy weaver (shapeshifter) (Elf:1)
  Josephine (D:12)
  An entropy weaver (Vaults:4)
  A crystal guardian (Vaults:1)
  8 fire dragons
  7 deep elf high priests
  4 ice dragons
  11 yaktaur captains
  A shambling mangrove (Swamp:2)
  4 ghost crabs
  10 great orbs of eyes
  4 spriggan air magi
  17 hydras
  An ogre mage (D:15)
  A peacekeeper (Vaults:1)
  3 rakshasas
  4 salamander tyrants
  25 vault guards
  2 radroaches (Zot:1)
  A death knight (Crypt:2)
  A jorogumo (Zot:4)
  7 anacondas
  A fenstrider witch skeleton (Crypt:3)
  7 ironbound frosthearts
  7 boulder beetles
  A catoblepas (D:13)
  24 dancing weapons
  5 tengu warriors
  A satyr (Zot:4)
  7 alligators
  16 centaur warriors
  8 two-headed ogres (D:15)
  6 deep troll shamans
  7 vampire magi
  2 hell hogs
  A titan zombie (Depths:1)
  6 death yaks
  An orc high priest (Elf:2)
  13 naga sharpshooters
  4 shock serpents
  2 thrashing horrors (Abyss:3)
  7 hell knights (Crypt:3)
  3 spriggan berserkers
  2 soul eaters
  9 sun demons
  5 deep troll earth magi
  9 naga warriors
  2 occultists (Depths:3)
  4 iron trolls
  4 deep elf knights
  A titan skeleton (Crypt:3)
  2 skysharks (Vaults:1)
  3 wretched stars (Abyss:3)
  A sea snake (Snake:3)
  19 skeletal warriors
  5 goliath frogs
  A sixfirhy (D:9)
  A shadow demon (D:13)
  A sea snake (shapeshifter) (Vaults:5)
  6 salamander mystics
  5 mana vipers
  11 bog bodies
  4 flayed ghosts
  A spectral bunyip (Swamp:4)
  A death drake (shapeshifter) (Vaults:5)
  4 swamp dragons
  71 deep trolls
  2 glowing orange brains
  2 sun moths (shapeshifter)
  2 death drakes
  7 deep elf archers
  3 naga ritualists
  A spriggan simulacrum (Depths:3)
  5 arcanists
  4 spriggan druids
  A fenstrider witch simulacrum (Crypt:1)
  19 phantasmal warriors
  13 ironbound convokers
  7 lindwurms
  A spectral hydra (Swamp:4)
  Pikel (D:7)
  An orange crystal statue (D:13)
  10 orc knights
  An alligator zombie (Swamp:4)
  8 necromancers
  4 thermic dynamos
  27 deep elf pyromancers
  13 deep elf zephyrmancers
  5 harpies (Vaults:1)
  3 manticores
  A stone giant zombie (Depths:1)
  2 fauns (shapeshifter)
  4 will-o-the-wisps
  7 cyclopes
  3 shining eyes
  2 orc sorcerers (Orc:2)
  A wolf spider (Lair:5)
  A jorogumo skeleton (Crypt:2)
  15 salamanders
  21 ugly things
  A meliai (D:10)
  19 moths of wrath
  4 kobold blastminers
  Maurice (D:11)
  A worldbinder (Abyss:3)
  A stone giant skeleton (Crypt:3)
  3 elephants (Lair:5)
  2 eyes of devastation
  Joseph (D:7)
  15 vault sentinels
  19 black mambas
  A dire elephant zombie (Crypt:2)
  18 naga magi
  5 rust devils
  A torpor snail (Lair:4)
  3 ice statues (IceCv)
  A fire giant skeleton (Depths:1)
  An orange demon (Abyss:3)
  An eye of devastation (shapeshifter) (Vaults:5)
  5 large abominations
  6 gargoyles
  3 smoke demons
  2 hellions (Depths:1)
  An unseen horror zombie (D:8)
  10 cane toads
  2 freezing wraiths
  2 kobold demonologists (D:12)
  2 efreet
  A rime drake (shapeshifter) (Depths:1)
  7 komodo dragons
  A purple draconian zombie (Crypt:1)
  3 swamp worm zombies (Swamp:4)
  An alligator snapping turtle skeleton (Crypt:2)
  4 rime drakes (Lair:5)
  2 unseen horrors
  5 ice devils
  A purple draconian skeleton (Crypt:2)
  14 yaktaurs
  3 hydra zombies
  11 trolls
  3 guardian mummies (Crypt:3)
  2 ancient zymes (Abyss:3)
  2 red devils
  A hellwing (D:8)
  2 tengu conjurers (Depths:2)
  4 saltlings (Orc:2)
  5 bloated husks
  5 tyrant leeches
  9 polar bears
  A harpy zombie (Crypt:3)
  4 glass eyes
  9 hornets
  2 spectral swamp dragons (Swamp:4)
  5 dream sheep (Lair:5)
  6 blink frogs
  3 raiju (Lair:5)
  A stone giant simulacrum (Crypt:1)
  A culicivora (shapeshifter) (Elf:3)
  73 slime creatures
  2 jumping spiders (shapeshifter)
  13 spriggans
  5 water elementals
  4 vampires
  An ettin skeleton (Crypt:1)
  2 air elementals
  A centaur simulacrum (D:10)
  Sigmund (D:2)
  3 hogs
  16 wraiths
  7 shadows
  4 wyverns
  39 yaks
  5 fire elementals
  A golden eye (shapeshifter) (D:15)
  2 golden eyes (Slime:5)
  Grum (D:8)
  4 fire bats
  7 wargs
  2 tyrant leech zombies (Swamp:4)
  A neqoxec (D:9)
  A hog (shapeshifter) (D:13)
  3 steam dragons
  A redback (Vaults:3)
  4 basilisks
  Menkaure (D:6)
  5 vampire mosquitoes
  40 nagas
  A skyshark zombie (Crypt:1)
  21 swamp worms
  10 water moccasins
  2 acid dragons
  15 hell hounds
  3 great orb of eyes simulacra (IceCv)
  8 swamp drakes
  2 ice beasts
  A sky beast (D:6)
  2 swamp dragon zombies (Swamp:4)
  12 orc warriors
  25 laughing skulls
  12 ogres
  9 black bears
  6 centaurs
  33 wolves
  6 phantoms
  2 slime creature simulacra (IceCv)
  A kobold brigand (D:11)
  A vine stalker zombie (Crypt:2)
  A komodo dragon zombie (Crypt:2)
  A rime drake skeleton (Crypt:1)
  An elf zombie (Elf:1)
  10 bullfrogs
  Blork the orc (D:5)
  A wyvern zombie (D:8)
  A naga simulacrum (Crypt:1)
  3 earth elementals
  2 gnoll sergeants
  5 scorpions
  A glowing shapeshifter simulacrum (IceCv)
  A warg zombie (Crypt:2)
  7 wights (D:8)
  A wyvern skeleton (Crypt:2)
  8 killer bees
  A nameless horror (Zot:1)
  5 howler monkeys
  A bombardier beetle (D:3)
  A lava snake (Lair:2)
  3 jellies
  7 orc priests
  A hound (D:5)
  2 iron imps
  6 iguanas
  A sleepcap (D:5)
  3 hell rats (Hell)
  15 orc wizards
  5 shapeshifter simulacra (IceCv)
  2 killer bee zombies (D:8)
  An acid dragon zombie (Crypt:1)
  4 mummies (Crypt:3)
  5 gnolls (D:7)
  4 adders
  A howler monkey skeleton (Crypt:2)
  A shadow imp (D:7)
  3 white imps
  3 ufetubi
  2 dart slugs (D:3)
  A ribbon worm (D:5)
  40 orcs
  4 endoplasms
  6 giant cockroaches
  7 goblins
  2 hobgoblins
  6 ball pythons
  4 bats
  2 frilled lizards (D:1)
  A giant cockroach zombie (Crypt:2)
  8 kobolds
  A quokka zombie (Crypt:1)
  5 rats
1949 creatures vanquished.

Vanquished Creatures (collateral kills)
  An orb of fire (Zot:5)
  Boris (twice) (Depths:4 Vaults:5)
  A Killer Klown (Zot:5)
  A curse toe (Zot:4)
  2 golden dragons
  2 bone dragons
  A doom hound (Depths:4)
  Zenata (Vaults:4)
  2 electric golems
  5 tentacled monstrosities
  6 Orb Guardians (Zot:5)
  A walking frostbound tome (Depths:2)
  2 quicksilver dragons
  5 acid blobs
  3 death cobs
  A tengu reaver (Vaults:5)
  5 protean progenitors
  A storm dragon (Vaults:5)
  2 shadow dragons
  3 draconian monks
  8 azure jellies
  A deep elf sorcerer (Elf:3)
  4 fire giants
  3 draconian knights
  4 vault wardens
  4 draconian scorchers
  A deep elf elementalist (Elf:3)
  2 rockslimes (Slime:5)
  A balrug (Crypt:3)
  3 frost giants
  A draconian shifter (Zot:1)
  An angel (Zot:5)
  2 draconian stormcallers
  8 ironbound preservers
  3 draconian annihilators
  A spriggan defender (Depths:4)
  6 stone giants
  An orc warlord (Vaults:3)
  3 quicksilver oozes
  A formless jellyfish (Vaults:4)
  An ironbound thunderhulk (Vaults:2)
  A very ugly thing (Depths:1)
  A deep elf demonologist (Vaults:5)
  A juggernaut skeleton (Abyss:3)
  2 green draconians
  A deep elf death mage (Elf:1)
  8 black draconians
  2 yellow draconians
  A dire elephant (Vaults:1)
  A vampire knight (Depths:3)
  7 purple draconians
  7 red draconians
  4 white draconians
  8 ettins
  A deep elf high priest (Elf:3)
  19 vault guards
  3 great orbs of eyes
  A shambling mangrove (Swamp:3)
  5 jiangshi (Crypt:1)
  A quicksilver dragon skeleton (Crypt:1)
  A hydra (Lair:5)
  4 fire dragons
  A spriggan skeleton (Crypt:1)
  A spriggan air mage (Depths:2)
  3 yaktaur captains (Vaults:5)
  An Orb Guardian zombie (Crypt:1)
  A ghost crab (Swamp:4)
  4 ironbound frosthearts
  A jorogumo (Zot:4)
  An ogre mage (D:15)
  3 centaur warriors
  3 deep troll shamans (Depths:4)
  A two-headed ogre (Orc:2)
  A vampire mage (Crypt:2)
  2 tengu warriors
  A hell hog (Abyss:3)
  A boulder beetle (Vaults:2)
  A satyr (Zot:4)
  An orc high priest (Orc:2)
  A naga warrior (Snake:4)
  A naga sharpshooter (Snake:4)
  4 sun demons
  An occultist (D:10)
  2 deep troll earth magi
  6 hell knights
  A shock serpent (Snake:1)
  A wretched star (Abyss:3)
  7 skeletal warriors
  2 iron trolls (Depths:4)
  A salamander mystic (Snake:2)
  A spriggan druid (Swamp:2)
  A bunyip zombie (Crypt:3)
  17 deep trolls
  2 death drakes
  5 ironbound convokers
  2 mana vipers
  A swamp dragon (Swamp:2)
  4 lindwurms
  2 phantasmal warriors (Vaults:5)
  A deep elf zephyrmancer (Elf:3)
  A spectral alligator (Swamp:4)
  3 spectral hydras (Swamp:4)
  A golden dragon skeleton (Depths:3)
  A thermic dynamo (Elf:2)
  2 deep elf pyromancers
  A deep elf archer (Elf:1)
  An alligator zombie (Swamp:4)
  An orc knight (Orc:2)
  2 shining eyes (Slime:5)
  2 wolf spiders
  A necromancer (Depths:4)
  6 salamanders
  3 ugly things
  A cyclops (D:15)
  A manticore (D:15)
  5 moths of wrath
  A human skeleton (Crypt:1)
  2 naga magi
  7 black mambas
  2 vault sentinels
  An alligator snapping turtle zombie (Crypt:1)
  An eye of devastation (Slime:5)
  2 smoke demons (Crypt:3)
  2 cane toads
  An unseen horror zombie (D:8)
  A tormentor (Depths:4)
  A komodo dragon (Lair:5)
  2 freezing wraiths
  6 yaktaurs
  A bloated husk (Swamp:4)
  A polar bear (Lair:5)
  A tyrant leech (Swamp:3)
  2 hydra zombies (Swamp:4)
  A hellwing (Zot:5)
  A troll (Orc:1)
  A hornet (Swamp:3)
  A blink frog (Lair:2)
  A fire dragon zombie (Crypt:2)
  A harpy skeleton (Crypt:3)
  A blink frog (shapeshifter) (D:10)
  A dream sheep (Lair:5)
  47 slime creatures
  A culicivora (shapeshifter) (Abyss:3)
  8 yaks
  A fire dragon skeleton (Crypt:3)
  A basilisk (shapeshifter) (D:10)
  A fire bat (Depths:1)
  7 nagas
  2 swamp worms
  2 hell hounds
  2 water moccasins
  A swamp drake (Swamp:3)
  5 orc warriors
  2 black bears (Lair:5)
  15 laughing skulls
  A swamp dragon zombie (Swamp:4)
  A centaur (D:9)
  A tengu (shapeshifter) (Depths:4)
  An ogre (D:15)
  8 wolves
  2 phantoms (Swamp:4)
  A kobold brigand (D:8)
  A slime creature simulacrum (IceCv)
  A bullfrog (D:7)
  3 wights (D:8)
  2 killer bees
  An electric eel (Snake:3)
  A lava snake (Lair:2)
  2 orc priests
  A centaur skeleton (Crypt:1)
  2 hell rats (Hell)
  An ogre zombie (Crypt:1)
  10 mummies (Crypt:3)
  15 orcs
  5 kobolds
  A goblin skeleton (Crypt:1)
505 creatures vanquished.

Vanquished Creatures (others)
  Nikola (Snake:1)
  A white draconian (Zot:3)
  A purple draconian (Zot:1)
  2 yaktaur captains (Vaults:5)
  A centaur warrior (Vaults:2)
  2 shock serpents
  A naga sharpshooter (Snake:2)
  A vault sentinel (Vaults:3)
  3 yaktaurs
  A swamp worm zombie (Swamp:4)
  4 bloated husks
  A tyrant leech (Swamp:3)
  Edmund (D:4)
  A swamp worm (Swamp:3)
  A swamp drake (Swamp:3)
  46 knights
  7 ancestors
  8 foxfires
83 creatures vanquished.

Grand Total: 2537 creatures vanquished

Notes
Turn   | Place    | Note
-------+----------+-------------------------------------------
     0 | D:1      | Wizard1ke the Coglin Earth Elementalist began the quest for
                  | the Orb.
     0 | D:1      | Reached XP level 1. HP: 13/13 MP: 3/3
   186 | D:1      | Reached skill level 1 in Conjurations
   302 | D:1      | Reached skill level 2 in Spellcasting
   302 | D:1      | Reached XP level 2. HP: 19/19 MP: 0/5
   935 | D:2      | Noticed Sigmund
  1275 | D:2      | Reached XP level 3. HP: 24/24 MP: 4/6
  1892 | D:2      | Killed Sigmund
  1893 | D:2      | Reached skill level 3 in Spellcasting
  1893 | D:2      | Reached XP level 4. HP: 10/30 MP: 1/8
  1893 | D:2      | Reached XP level 5. HP: 12/35 MP: 1/9
  2183 | D:3      | Reached XP level 6. HP: 41/41 MP: 5/10
  2420 | D:3      | Found a hide-covered altar of Uskayaw.
  2459 | D:3      | Found an opulent altar of Gozag.
  2770 | D:3      | Found a faded altar of an unknown god.
  3137 | D:4      | Noticed Edmund
  3225 | D:3      | Learned a level 3 spell: Passwall
  3229 | D:3      | Learned a level 3 spell: Stone Arrow
  3234 | D:3      | Learned a level 4 spell: Brom's Barrelling Boulder
  3360 | D:4      | Found a staircase to the Ecumenical Temple.
  3369 | Temple   | Entered the Ecumenical Temple
  3374 | Temple   | Became a worshipper of Hepliaklqana the Forgotten
  3937 | D:4      | Killed Edmund
  4009 | D:4      | Found Kixixu's General Store.
  4017 | D:4      | Bought a scroll of identify for 24 gold pieces
  4017 | D:4      | Bought a scroll of teleportation for 36 gold pieces
  4382 | D:5      | Entered Level 5 of the Dungeon
  4536 | D:5      | Noticed an ice beast
  4540 | D:5      | Identified the +3 leather armour "Ystrie" {Fly rC+}
  4593 | D:5      | Killed an ice beast
  4594 | D:5      | Reached XP level 7. HP: 32/46 MP: 1/12
  4862 | D:5      | Noticed Blork the orc
  4875 | D:5      | Killed Blork the orc
  4876 | D:5      | Reached skill level 4 in Spellcasting
  4888 | D:5      | Noticed Prince Ribbit
  4923 | D:6      | Reached * piety under Hepliaklqana
  5126 | D:5      | Reached skill level 5 in Earth Magic
  5577 | D:6      | Reached XP level 8. HP: 46/46 MP: 7/14
  6121 | D:6      | Noticed Menkaure
  6124 | D:6      | Killed Menkaure
  6125 | D:6      | Reached skill level 5 in Conjurations
  6202 | D:6      | Reached skill level 5 in Spellcasting
  6720 | D:7      | Found Panupte's Book Shop.
  6815 | D:7      | Noticed Joseph
  7007 | D:7      | Killed Joseph
  7008 | D:7      | Reached XP level 9. HP: 51/51 MP: 1/17
  7295 | D:7      | Reached skill level 6 in Spellcasting
  7496 | D:7      | Found Ypamnai's Book Emporium.
  7745 | D:7      | Found Fiehuntu's Weapon Boutique.
  7747 | D:7      | Found Dagamo's Jewellery Emporium.
  7797 | D:7      | Found Vafisyico's Antique Armour Shop.
  7808 | D:7      | Noticed Pikel
  7835 | D:7      | Killed Pikel
  8243 | D:8      | Noticed Grum
  8682 | D:7      | Reached XP level 10. HP: 41/56 MP: 14/20
  8746 | D:8      | Reached skill level 7 in Spellcasting
  9185 | D:8      | Reached ** piety under Hepliaklqana
  9186 | D:8      | Remembered your ancestor Bekaiwk as a knight
  9195 | D:8      | Got Sif Muna's Collected Works on Conduction
  9278 | D:8      | Found Taihie's General Store.
  9405 | D:8      | Killed Grum
  9462 | D:8      | Bought a potion of resistance for 130 gold pieces
  9658 | D:8      | Learned a level 6 spell: Bombard
 10592 | D:9      | Reached skill level 8 in Spellcasting
 10680 | D:9      | Reached XP level 11. HP: 61/61 MP: 2/23
 11123 | D:9      | Found a roughly hewn altar of Beogh.
 11404 | D:9      | Found a staircase to the Orcish Mines.
 11412 | D:9      | Noticed a sixfirhy
 11416 | D:9      | Killed a sixfirhy
 11647 | D:9      | Reached skill level 10 in Earth Magic
 11916 | D:9      | Reached skill level 10 in Conjurations
 11916 | D:9      | Reached skill level 1 in Fighting
 12729 | D:10     | Entered Level 10 of the Dungeon
 12740 | D:10     | Found a staircase to the Lair.
 12827 | D:10     | Reached *** piety under Hepliaklqana
 12839 | D:10     | Found a broken altar of Ashenzari.
 13032 | D:10     | Found a shadowy altar of Dithmenos.
 13032 | D:10     | Found a sparkling altar of Nemelex Xobeh.
 13032 | D:10     | Found a basalt altar of Yredelemnul.
 13032 | D:10     | Found an ornate altar of the Wu Jian Council.
 13038 | D:10     | Found a blossoming altar of Fedhas.
 13038 | D:10     | Found a shimmering altar of Xom.
 13254 | D:10     | Noticed a cyclops
 13263 | D:10     | Killed a cyclops
 13355 | D:10     | Noticed a cyclops
 13362 | D:10     | Reached skill level 5 in Fighting
 13362 | D:10     | Reached skill level 1 in Evocations
 13394 | D:10     | Killed a cyclops
 13639 | D:10     | Reached skill level 5 in Evocations
 13694 | D:10     | Noticed a manticore
 13694 | D:10     | Noticed an occultist
 13699 | D:10     | Killed an occultist
 13747 | D:10     | Killed a manticore
 13748 | D:10     | Reached XP level 12. HP: 77/77 MP: 11/24
 14274 | D:10     | Identified the staff of Misery {rN+ Str+6 Necro}
 14649 | D:10     | Found a glowing silver altar of Zin.
 14710 | D:10     | Found an ancient bone altar of Kikubaaqudgha.
 14722 | D:10     | Got Kikubaaqudgha's Enchiridion on Misery
 14781 | D:10     | Found a radiant altar of Vehumet.
 14791 | D:10     | Found a shimmering blue altar of Sif Muna.
 15982 | D:11     | Noticed Maurice
 15988 | D:11     | Killed Maurice
 16129 | D:11     | Reached **** piety under Hepliaklqana
 16537 | Lair:1   | Entered Level 1 of the Lair of Beasts
 18843 | Lair:2   | Reached ***** piety under Hepliaklqana
 18861 | Lair:2   | Reached XP level 13. HP: 81/81 MP: 7/25
 20170 | Lair:2   | Found a staircase to the Snake Pit.
 20783 | Lair:3   | Found a frozen archway.
 21011 | IceCv    | Entered an ice cave
 21153 | IceCv    | Noticed a quicksilver ooze
 21435 | IceCv    | Identified the ring of Due Proportion {rN++ rCorr}
 22042 | IceCv    | Killed a quicksilver ooze
 23387 | IceCv    | Found a viscous altar of Jiyva.
 23387 | IceCv    | Noticed an azure jelly
 23402 | IceCv    | Killed an azure jelly
 23539 | IceCv    | Noticed an azure jelly
 23548 | IceCv    | Killed an azure jelly
 23654 | IceCv    | Identified the +4 scale mail "Wemirgh" {rC+}
 23662 | IceCv    | Identified the ring of Niupiq {rPois Int+5 SInv}
 23917 | Lair:3   | Found a staircase to the Swamp.
 25350 | Lair:4   | Reached XP level 14. HP: 88/88 MP: 19/26
 25350 | Lair:4   | Acquired a secondary samoflange {rPois rF+ Regen+ RegenMP+
                  | rCorr}
 26265 | Lair:5   | Entered Level 5 of the Lair of Beasts
 27425 | Lair:5   | Found a viscous altar of Jiyva.
 27427 | Lair:5   | Found a staircase to the Slime Pits.
 28491 | Lair:5   | Reached skill level 15 in Conjurations
 28547 | Lair:5   | Reached skill level 15 in Earth Magic
 28910 | Lair:5   | Reached XP level 15. HP: 95/95 MP: 3/27
 29870 | D:12     | Reached ****** piety under Hepliaklqana
 30066 | D:12     | Noticed Josephine
 30176 | D:12     | Found a portal to a secret trove of treasure.
 30468 | D:12     | Killed Josephine
 30629 | D:12     | Noticed Rupert
 30707 | D:12     | Killed Rupert
 30915 | Orc:1    | Entered Level 1 of the Orcish Mines
 31089 | Orc:2    | Entered Level 2 of the Orcish Mines
 31119 | Orc:2    | Found a staircase to the Elven Halls.
 31451 | Orc:2    | Reached skill level 10 in Fighting
 31545 | Orc:2    | Reached skill level 1 in Invocations
 31679 | Orc:2    | Noticed an orc warlord
 31785 | Orc:1    | Killed an orc warlord
 32408 | Orc:2    | Noticed an orc warlord
 32487 | Orc:2    | Killed an orc warlord
 32576 | Orc:2    | Found Tiompud's Weapon Boutique.
 32593 | Orc:2    | Found Beafujots's Armour Shoppe.
 32594 | Orc:2    | Found a roughly hewn altar of Beogh.
 32595 | Orc:2    | Found Gera Hou's Weapon Shoppe.
 32616 | Orc:2    | Found Wukhe's Magic Scroll Shoppe.
 32624 | Orc:2    | Bought a scroll of teleportation for 42 gold pieces
 32624 | Orc:2    | Bought a scroll of poison for 56 gold pieces
 32624 | Orc:2    | Bought a scroll of blinking for 105 gold pieces
 32624 | Orc:2    | Bought a scroll of blinking for 105 gold pieces
 32624 | Orc:2    | Bought a scroll of fog for 56 gold pieces
 32624 | Orc:2    | Bought a scroll of identify for 28 gold pieces
 32624 | Orc:2    | Bought a scroll of identify for 28 gold pieces
 32624 | Orc:2    | Bought a scroll of identify for 28 gold pieces
 33082 | D:13     | Found a gate to the Vaults.
 33349 | D:13     | Reached skill level 5 in Dodging
 33613 | D:13     | Reached skill level 5 in Invocations
 33689 | D:13     | Reached XP level 16. HP: 109/109 MP: 16/28
 33737 | D:13     | Found a runed translucent door.
 33822 | D:13     | Found a runed translucent door.
 33837 | D:13     | Found a runed translucent door.
 33853 | D:13     | Found a runed translucent door.
 34757 | Orc:2    | Bought a +0 helmet for 81 gold pieces
 35119 | D:14     | Reached skill level 9 in Spellcasting
 35513 | D:15     | Entered Level 15 of the Dungeon
 36309 | D:15     | Found a staircase to the Depths.
 36379 | D:15     | Noticed Nessos
 36384 | D:15     | Killed Nessos
 36429 | D:15     | Identified the +9 ring mail "Maibib" {rPois rC+ rCorr MP-9}
 36741 | D:15     | Reached skill level 10 in Spellcasting
 37057 | Snake:1  | Entered Level 1 of the Snake Pit
 37057 | Snake:1  | Noticed Kirke
 37198 | D:7      | Bought a book of Transmutation for 364 gold pieces
 37204 | D:7      | Learned a level 5 spell: Irradiate
 37340 | Snake:1  | Killed Kirke
 37341 | Snake:1  | Reached skill level 1 in Alchemy
 37669 | Snake:1  | Noticed Asterion
 37677 | Snake:1  | Killed Asterion
 37678 | Snake:1  | Reached skill level 5 in Alchemy
 37817 | Snake:1  | Reached XP level 17. HP: 115/115 MP: 14/31
 37931 | Snake:1  | Noticed Nikola
 37970 | Snake:1  | Killed Nikola
 39542 | Snake:2  | Reached skill level 10 in Alchemy
 40775 | Snake:3  | Identified the serpent talisman of Lekh {rElec rF+ Will+
                  | Stlth-}
 40775 | Snake:3  | Noticed Aizul
 40786 | Snake:3  | Killed Aizul
 41791 | Snake:4  | Entered Level 4 of the Snake Pit
 42022 | Snake:4  | Reached skill level 11 in Spellcasting
 42239 | Snake:4  | Found Ygruliol's Book Shoppe.
 42834 | Snake:4  | Reached XP level 18. HP: 120/120 MP: 7/33
 43658 | Snake:4  | Got a serpentine rune of Zot
 43958 | Swamp:1  | Entered Level 1 of the Swamp
 44161 | Swamp:1  | Identified the +1 ring mail "Cerin" {Str-3 Int+3 Dex+2}
 44298 | Swamp:1  | Reached skill level 12 in Spellcasting
 45386 | Swamp:2  | Found a stormy altar of Qazlal.
 46060 | Swamp:3  | Paralysed by a fenstrider witch for 5 turns
 46064 | Swamp:3  | HP: 2/120 [fenstrider witch (15)]
 46519 | Swamp:3  | Reached skill level 13 in Spellcasting
 46602 | Swamp:3  | Found a runed translucent gate.
 46603 | Swamp:3  | Found a runed translucent gate.
 46604 | Swamp:3  | Found a runed translucent gate.
 46605 | Swamp:3  | Noticed 9stopf's ghost (adept CoWr)
 47913 | Vaults:1 | Entered Level 1 of the Vaults
 48241 | Vaults:1 | Reached XP level 19. HP: 112/131 MP: 13/36
 48598 | Vaults:1 | Noticed Norris
 49352 | Vaults:1 | Found Opholua's Magic Scroll Shoppe.
 49390 | Vaults:1 | Bought a scroll of fear for 88 gold pieces
 49390 | Vaults:1 | Bought a scroll of butterflies for 88 gold pieces
 49390 | Vaults:1 | Bought 3 scrolls of teleportation for 198 gold pieces
 49390 | Vaults:1 | Bought a scroll of teleportation for 66 gold pieces
 49390 | Vaults:1 | Bought a scroll of revelation for 165 gold pieces
 49390 | Vaults:1 | Bought a scroll of fog for 88 gold pieces
 49390 | Vaults:1 | Bought a scroll of revelation for 165 gold pieces
 50191 | Vaults:1 | Killed Norris
 50192 | Vaults:1 | Reached skill level 15 in Fighting
 51836 | Vaults:2 | Reached XP level 20. HP: 145/145 MP: 25/37
 51841 | Vaults:2 | Reached skill level 10 in Evocations
 53669 | Vaults:3 | Identified the orb "Bydydd" {light, Will+}
 53669 | Vaults:3 | Noticed Frederick
 54124 | Vaults:3 | Killed Frederick
 54863 | Vaults:3 | Identified a scroll of acquirement
 54864 | Vaults:3 | Acquired a +1 helmet of intelligence
 55258 | Vaults:3 | Found a staircase to the Crypt.
 55923 | Vaults:4 | Found the +3 giant club "Skullcrusher" {speed, Str+7}
 55969 | Vaults:4 | Found Zalixtay's Magic Scroll Boutique.
 56016 | Vaults:4 | Reached XP level 21. HP: 143/151 MP: 22/38
 56025 | Vaults:4 | Noticed Zenata
 56083 | Vaults:4 | Killed Zenata
 56087 | Vaults:4 | Reached skill level 10 in Dodging
 56251 | Vaults:4 | Learned a level 2 spell: Blink
 56633 | Vaults:4 | Reached skill level 10 in Invocations
 57659 | Elf:1    | Entered Level 1 of the Elven Halls
 57864 | Depths:1 | Entered Level 1 of the Depths
 58272 | Orc:2    | Learned a level 5 spell: Yara's Violent Unravelling
 58282 | Orc:2    | Learned a level 5 spell: Fireball
 58434 | Elf:1    | Noticed Louise
 58439 | Elf:1    | Killed Louise
 58650 | Elf:1    | Got the Disquisition on Despicable Spells
 59527 | Elf:2    | Found a shimmering blue altar of Sif Muna.
 60074 | Elf:2    | Found a runed translucent gate.
 60075 | Elf:2    | Found a runed translucent gate.
 60075 | Elf:2    | Found a runed translucent gate.
 60275 | Elf:3    | Entered Level 3 of the Elven Halls
 60695 | Elf:3    | Reached XP level 22. HP: 127/158 MP: 10/39
 60899 | Elf:3    | Identified the ring of the Disturbing Dreams {Ice Will-
                  | rCorr Dex+2}
 61441 | Elf:3    | Found Hirostrir's Antique Armour Shop.
 61456 | Elf:3    | Noticed Roxanne
 61509 | Abyss:3  | Cast into level 3 of the Abyss (a deep elf demonologist)
 61974 | Elf:3    | Escaped the Abyss
 62049 | Elf:3    | Paralysed by an air elemental for 1 turns
 62363 | Elf:3    | Identified the +7 halberd "Huppal" {flame, rElec Int-3
                  | Dex+4 Stlth+}
 62366 | Elf:3    | Identified the +5 long sword "Aciugu" {drain, *Noise rC++
                  | rCorr Str-3}
 62541 | Elf:3    | Identified the +6 trident "Meas" {drain, rF- rC+ Int+4
                  | Dex+3}
 62666 | Elf:3    | Got Xaoxtoo's Reference Book on Amassed Ensorcelling
 62678 | Elf:3    | Identified the +1 plate armour "Pigoawal" {rPois rN+
                  | Regen+}
 62683 | Elf:3    | Identified the +2 pair of boots "Joal Geb" {Dex+6}
 62724 | Elf:3    | Got Ishim's Discursus on the Tesseract and Violence
 63650 | Swamp:4  | Entered Level 4 of the Swamp
 64112 | Swamp:4  | Identified the +4 trident of Penuman {spect, rElec rC-
                  | Str+3}
 64937 | Swamp:4  | Got a decaying rune of Zot
 64951 | Swamp:4  | Learned a level 7 spell: Spellforged Servitor
 65761 | Depths:1 | Reached XP level 23. HP: 171/171 MP: 17/40
 66147 | Depths:1 | Noticed a juggernaut
 66153 | Depths:1 | Killed a juggernaut
 66158 | Depths:1 | Identified the +2 morningstar "Kevarr" {freeze, rF++ Dex-3}
 66463 | Depths:1 | Reached skill level 1 in Summonings
 66537 | Depths:1 | Found Zaithrar's Weapon Emporium.
 66618 | Depths:1 | You are sucked into a shaft and drop 1 floor!
 66937 | Depths:2 | Identified the +5 shortbow of a treasure trove {drain, rF+
                  | rN+ Int+2 Dex+3}
 67041 | Depths:2 | Found a gateway to Hell.
 67516 | Depths:2 | Found a one-way gate to the infinite horrors of the Abyss.
 67592 | Depths:2 | Noticed a juggernaut
 67598 | Depths:2 | Killed a juggernaut
 67721 | Depths:2 | Reached skill level 5 in Summonings
 67756 | Depths:2 | Noticed a golden dragon
 67783 | Depths:2 | Killed a golden dragon
 67985 | Depths:2 | Paralysed by a sphinx for 3 turns
 67990 | Depths:2 | Got the Book of Viridian Production
 67993 | Depths:2 | Identified the staff "Asuoqoar" {rF+ SInv Conj Hexes Fire}
 68396 | Depths:2 | Found a one-way gate leading to the halls of Pandemonium.
 68787 | Depths:3 | Noticed a caustic shrike
 68800 | Depths:3 | Killed a caustic shrike
 68801 | Depths:3 | Reached skill level 14 in Spellcasting
 69573 | D:12     | You paid a toll of 5 scrolls of fog to enter a treasure
                  | trove
 69574 | Trove    | Entered a treasure trove
 69585 | Trove    | Identified the +1 chain mail "Buwiy" {rC+ rCorr Int+2
                  | Slay+3}
 69587 | Trove    | Identified the +1 robe of Ignis's Approval {rElec}
 69599 | Trove    | Identified the +2 mace of the Writhing Gods {holy, rElec
                  | Int+2}
 70112 | Depths:4 | Entered Level 4 of the Depths
 70140 | Depths:4 | Reached XP level 24. HP: 177/177 MP: 36/41
 70416 | Depths:4 | Found a gate to the Realm of Zot.
 70571 | Depths:4 | Found a one-way gateway to a ziggurat.
 70585 | Depths:4 | Identified the +3 robe "Niedet" {rF++ SInv}
 70585 | Depths:4 | Noticed Boris
 70591 | Depths:4 | Killed Boris
 70926 | Depths:4 | Reached skill level 15 in Spellcasting
 71176 | Depths:4 | Reached skill level 10 in Summonings
 71636 | Depths:4 | Found a blossoming altar of Fedhas.
 72114 | Vaults:5 | Entered Level 5 of the Vaults
 72114 | Vaults:5 | Noticed an ancient lich
 72151 | Vaults:5 | Identified the ring "Osisaho" {rElec rC+++ EV+5 Dex-3
                  | Slay-3}
 72281 | Vaults:5 | Killed an ancient lich
 72351 | Vaults:5 | Noticed an ancient lich
 72358 | Vaults:5 | Killed an ancient lich
 72459 | Vaults:5 | Got a silver rune of Zot
 73131 | Vaults:5 | Reached skill level 16 in Spellcasting
 73390 | Vaults:5 | Identified the +4 robe of Repulsion {rC+ Dex+3}
 73390 | Vaults:5 | Noticed Boris
 73396 | Vaults:5 | Reached XP level 25. HP: 172/187 MP: 24/43
 73396 | Vaults:5 | Killed Boris
 73661 | Vaults:5 | Noticed a dread lich
 73667 | Vaults:5 | Killed a dread lich
 73987 | Vaults:5 | Found Ceustrira's Distillery.
 73987 | Vaults:5 | Found Eschas's Magic Scroll Shoppe.
 73998 | Vaults:5 | Bought a potion of heal wounds for 90 gold pieces
 73998 | Vaults:5 | Bought a potion of heal wounds for 90 gold pieces
 73998 | Vaults:5 | Bought a potion of ambrosia for 144 gold pieces
 73998 | Vaults:5 | Bought a potion of curing for 54 gold pieces
 74041 | Vaults:5 | Bought a scroll of blinking for 112 gold pieces
 74041 | Vaults:5 | Bought a scroll of butterflies for 60 gold pieces
 74041 | Vaults:5 | Bought a scroll of fog for 60 gold pieces
 74048 | Vaults:5 | Found Egohyryki's Magic Scroll Shoppe.
 74052 | Vaults:5 | Upgraded the game from 0.32-a0-626-g9e401d1 to
                  | 0.32-a0-629-g87aaac5
 74076 | Vaults:5 | Found Butamp's Distillery.
 74076 | Vaults:5 | Found Zosovumm's Distillery.
 74080 | Vaults:5 | Bought a potion of brilliance for 92 gold pieces
 74087 | Vaults:5 | Bought a potion of brilliance for 88 gold pieces
 74087 | Vaults:5 | Bought a potion of magic for 176 gold pieces
 74174 | Vaults:5 | Acquired 715 gold pieces
 74711 | Vaults:5 | Got the Folio of Linear Desecration
 74717 | Vaults:5 | Identified the amulet of Levity {Faith Dex+3}
 74880 | Vaults:4 | Bought 3 scrolls of acquirement for 3120 gold pieces
 74880 | Vaults:4 | Acquired the +2 pair of gloves of Death Resistance {Will+
                  | Regen+ Int+2 Stlth-}
 74892 | Vaults:4 | Acquired 1115 gold pieces
 74893 | Vaults:4 | Acquired Vehumet's Codex of Energy and Astrapomancy
 74906 | Vaults:4 | Learned a level 8 spell: Lehudib's Crystal Spear
 75209 | D:4      | Bought 2 potions of haste for 240 gold pieces
 75674 | Swamp:3  | Killed 9stopf's ghost
 76101 | Vaults:5 | Bought a potion of heal wounds for 110 gold pieces
 76101 | Vaults:5 | Bought a potion of enlightenment for 110 gold pieces
 76101 | Vaults:5 | Bought a potion of enlightenment for 110 gold pieces
 76101 | Vaults:5 | Bought 2 potions of curing for 132 gold pieces
 76101 | Vaults:5 | Bought a potion of ambrosia for 176 gold pieces
 76119 | Vaults:5 | Bought a scroll of fear for 60 gold pieces
 76119 | Vaults:5 | Bought a scroll of fear for 60 gold pieces
 76119 | Vaults:5 | Bought 3 scrolls of revelation for 337 gold pieces
 76432 | Zot:1    | Entered Level 1 of the Realm of Zot
 76569 | Depths:4 | Reached skill level 17 in Spellcasting
 77675 | Zot:1    | Reached skill level 18 in Spellcasting
 79363 | Zot:2    | Reached XP level 26. HP: 196/196 MP: 30/45
 79395 | Zot:2    | Reached skill level 19 in Spellcasting
 79459 | Zot:2    | Identified the +7 short sword of Ragnarok {freeze, rElec
                  | rPois rF+}
 80084 | Zot:2    | Learned a level 7 spell: Orb of Destruction
 80892 | Zot:3    | Identified the +6 scale mail of Weirdness {rElec}
 81164 | Zot:3    | Reached skill level 20 in Spellcasting
 82824 | Zot:4    | Reached skill level 21 in Spellcasting
 83541 | Zot:5    | Entered Level 5 of the Realm of Zot
 84618 | Snake:4  | Bought a book of the Earth for 612 gold pieces
 84624 | Snake:4  | Learned a level 5 spell: Lee's Rapid Deconstruction
 84970 | Crypt:1  | Entered Level 1 of the Crypt
 84973 | Crypt:1  | Reached XP level 27. HP: 201/201 MP: 33/48
 85772 | Crypt:1  | Reached skill level 22 in Spellcasting
 86299 | Crypt:1  | Identified the +0 quarterstaff "Lupsus" {antimagic, ^Drain
                  | Str+7 Int+3}
 86423 | Crypt:1  | Found an ancient bone altar of Kikubaaqudgha.
 87221 | Crypt:2  | Found a runed translucent gate.
 87222 | Crypt:2  | Found a runed translucent gate.
 87701 | Crypt:2  | Found a runed translucent gate.
 87702 | Crypt:2  | Noticed Zoalos's ghost (veteran GrEE)
 88072 | Crypt:3  | Entered Level 3 of the Crypt
 88257 | Crypt:3  | Reached skill level 23 in Spellcasting
 88834 | Crypt:3  | Identified the staff of Prudence {rN+ MP+9 Stlth+ Conj
                  | Necro}
 88853 | Crypt:3  | Identified the amulet of the Sky {Spirit ^Contam Will+
                  | Regen+ rCorr}
 88853 | Crypt:3  | Identified the ring "Xeiqoh" {rN++ Str+3 Int+6}
 88853 | Crypt:3  | Identified the ring "Poothiat" {rN++ MP+9 Str+5}
 88988 | Crypt:3  | Found the +9 staff of Olgreb {rPois∞}
 89056 | Crypt:3  | Noticed a dread lich
 89059 | Crypt:3  | Killed a dread lich
 89466 | Crypt:3  | Noticed a royal mummy
 89473 | Crypt:3  | Killed a royal mummy
 89487 | Crypt:3  | Noticed Khufu
 89537 | Crypt:3  | Killed Khufu
 89950 | Crypt:3  | Found a staircase to the Tomb.
 89952 | Crypt:3  | Noticed an ancient lich
 89958 | Crypt:3  | Killed an ancient lich
 90681 | Slime:1  | Entered Level 1 of the Pits of Slime
 90766 | Slime:2  | Noticed Dissolution
 90769 | Slime:2  | Gained mutation: You occasionally lose the ability to drink
                  | potions when taking damage. [a shining eye]
 91150 | Slime:1  | Reached skill level 24 in Spellcasting
 91405 | Slime:1  | Killed Dissolution
 92319 | Slime:5  | Entered Level 5 of the Pits of Slime
 92434 | Slime:5  | Noticed the Royal Jelly
 92443 | Slime:5  | Killed the Royal Jelly
 92736 | Slime:5  | Reached skill level 25 in Spellcasting
 92848 | Slime:5  | Identified the +5 scale mail of the Sky {rCorr}
 92855 | Slime:5  | Got a slimy rune of Zot
 92909 | Slime:5  | Identified the +1 pair of boots of Loasch {rElec rPois MP+9
                  | Dex-2}
 92962 | Slime:5  | Identified the +7 dire flail "Orb Guardian's Doom" {venom,
                  | *Rage Will+ Int+3}
 93525 | Zot:5    | Noticed a dread lich
 93698 | Zot:5    | Noticed an orb of fire
 93703 | Zot:5    | Killed an orb of fire
 93706 | Zot:5    | Noticed an orb of fire
 93707 | Zot:5    | Noticed an ancient lich
 93727 | Zot:5    | Killed an orb of fire
 93784 | Zot:5    | Killed an ancient lich
 93885 | Zot:5    | Noticed an orb of fire
 93892 | Zot:5    | Killed an orb of fire
 93984 | Zot:5    | Noticed a dread lich
 93994 | Zot:5    | Killed a dread lich
 94044 | Zot:5    | Killed a dread lich
 94217 | Zot:5    | Reached skill level 26 in Spellcasting
 94304 | Zot:5    | Noticed an ancient lich
 94308 | Zot:5    | Killed an ancient lich
 94372 | Zot:5    | Noticed an orb of fire
 94380 | Zot:5    | Noticed an orb of fire
 94385 | Zot:5    | Killed an orb of fire
 94387 | Zot:5    | Killed an orb of fire
 94917 | Hell     | Entered the Vestibule of Hell
 94917 | Hell     | Noticed Geryon
 94924 | Hell     | Killed Geryon
 95130 | Hell     | Noticed Murray
 95439 | Zot:5    | Got the Orb of Zot
 95469 | Zot:5    | Reached skill level 27 in Spellcasting
 95951 | D:$      | Escaped with the Orb!

Illustrated notes

Levels and vault maps discovered:
D:1:      matt_arrival_los_fun, layout_basic, reono_crystal_passage,
          chequers_serial_rivers_room_a, kennysheep_minor_cross,
          hangedman_decor_clover_reticule, minmay_heptomino_l4
D:2:      layout_loops_ring, uniq_sigmund
D:3:      layout_rooms, mainiacjoe_overflow_surrounded_room,
          nicolae_uskayaw_suspiria, chequers_ecumenical_altar_simple,
          serial_forest, infiniplex_forest_clump_large,
          infiniplex_forest_zigzag_1, infiniplex_forest_end_3,
          infiniplex_forest_clump_diagonal, infiniplex_forest_straight_4,
          infiniplex_forest_clump_double, infiniplex_forest_lined_corner,
          infiniplex_forest_corner_1, infiniplex_forest_side_room,
          infiniplex_forest_diagonal, kennysheep_generic_room_2
D:4:      layout_basic, lemuel_temple_firewalk_b, serial_shops, shop,
          uniq_edmund
D:5:      layout_loops_ring, uniq_prince_ribbit1, uniq_blork_the_orc
D:6:      layout_loops_ring, chequers_mini_garden, kennysheep_generic_room_13,
          uniq_menkaure
D:7:      layout_rooms, serial_shops, nicolae_shop_tiny_glass,
          nicolae_shop_tiny_statue_garden, nicolae_shop_pleasant_corner_grove,
          nicolae_square_shop, nicolae_shop_tiny_statue_garden, uniq_joseph,
          uniq_pikel
D:8:      layout_gridville, serial_shops, shop_statue, serial_undead,
          serial_undead_b, serial_undead_f, serial_undead_f, serial_undead_c,
          uniq_grum
D:9:      layout_loops_ring, david_orc_5, minmay_misc_feat_four_crosses,
          nicolae_demonic_statue_gallery
D:10:     minmay_the_grid_triangle_9x9_rhombus_full
          [minmay_the_grid_triangle_9x9_impossible_snake,
          minmay_the_grid_triangle_9x9_warning,
          minmay_the_grid_triangle_9x9_corrupted_corridor,
          minmay_the_grid_triangle_9x9_intruding_spiral,
          minmay_the_grid_triangle_9x9_zippers_vertical,
          minmay_the_grid_triangle_9x9_sprig,
          minmay_the_grid_triangle_9x9_cache,
          minmay_the_grid_triangle_9x9_prize_insulated], layout_basic,
          palyth_temple_overflow_mages, nicolae_overflow_hidden_temple,
          evilmike_ruin_ashenzari, minmay_overflow_temple_hex
D:11:     layout_stronghold, nicolae_letterblocks [nicolae_letter_subblock,
          nicolae_letter_subblock, nicolae_letter_subblock,
          nicolae_letter_subblock, nicolae_letter_subblock,
          nicolae_letter_subblock, nicolae_letter_subblock,
          nicolae_letter_subblock, nicolae_letter_subblock,
          nicolae_letter_subblock, nicolae_letter_subblock,
          nicolae_letter_subblock, nicolae_letter_subblock,
          nicolae_letter_subblock, nicolae_letter_subblock,
          nicolae_letter_subblock, nicolae_letter_subblock,
          nicolae_letter_subblock, nicolae_letter_subblock,
          nicolae_letter_subblock, nicolae_letter_subblock,
          nicolae_letter_subblock, nicolae_letter_subblock,
          nicolae_letter_subblock, nicolae_letter_subblock], uniq_maurice
D:12:     layout_stronghold, enter_trove_5, hangedman_abyss_or_decor_slice,
          uniq_josephine, uniq_azrael, uniq_rupert
D:13:     minmay_s_stair_smasher, layout_rooms, erik_vaults_2,
          minmay_statue_crystal_thing
D:14:     layout_basic, roderic_three_in_a_row
D:15:     grunt_enter_depths_hoard, layout_loops_corners, nicolae_tricolors,
          uniq_nessos
Temple:   nicolae_temple_ecumenical_triangle
Lair:1:   dreamdust_cave_troll, layout_hall_layers, hibernation_bobbens
Lair:2:   layout_chaotic_city, nicolae_snake_entry_warm_welcome, wad_woods_01
Lair:3:   layout_loops_ring, swamp_mist, portal_ice_cave_demonic_guard,
          gauntlet_entry_generic, st_stairs_13, infiniplex_staircase_pool_2
Lair:4:   layout_gridlike
Lair:5:   guppyfry_lair_end_dragon, layout_loops_ring,
          hangedman_lair_caniforms_friends, dpeg_slime_entry_corner,
          hangedman_lair_generics_rect, lemuel_fruit_tree
Swamp:1:  layout_basic_swamp, serial_swamp_ruin, evilmike_swamp_ruin_house_2,
          evilmike_swamp_ruin_rubble_1
Swamp:2:  layout_basic_swamp, lemuel_altar_in_water, swamp_pool_3
Swamp:3:  regret_index_all_hallows'_manor, layout_falls_marsh,
          gammafunk_ghost_hydra_chop, nicolae_swamp_decorative_isthmus,
          nicolae_swamp_dragon_and_kin
Swamp:4:  swamp_pestilence, layout_basic_swamp, swamp_pool_1_2
Snake:1:  layout_grid_shapes, uniq_nikola, uniq_kirke, uniq_asterion
Snake:2:  layout_chambers, grunt_megastairs_2, nicolae_triple_integral
Snake:3:  layout_chambers, serial_bayou_shore_a, nicolae_integral_box,
          uniq_aizul
Snake:4:  snake_pit, layout_cave_town, serial_shops, shop
Slime:1:  layout_caves, cheibrodos_slime_lost_civilization_7
Slime:2:  layout_caves, uniq_dissolution
Slime:3:  layout_caves
Slime:4:  layout_caves
Slime:5:  slime_pit
Orc:1:    layout_caves
Orc:2:    hellmonk_orc_salted, layout_caves, nicolae_orc_rich_vein
Elf:1:    minmay_elf_arrival_circle, layout_geoelf_grid, minmay_elf_necromancy,
          uniq_louise
Elf:2:    nicolae_elf_blades_crystal_corner, layout_rooms, basic_altar,
          grunt_ministairs_15, minivault_16, corexii_leaking_fountain, hex_tiny,
          wad_floor_pattern_untrapped, amcnicky_mini_corridor_feature,
          uniq_agnes
Elf:3:    minmay_elf_hall_x, layout_gridlike, serial_shops, shop,
          palyth_stone_intersect, uniq_roxanne
Vaults:1: v_misc_27, vaults_room_large_hall, nicolae_vaults_storage_room_water,
          hangedman_vaults_variations, v_misc_22, hangedman_vaults_nails,
          nicolae_vaults_heart-shaped_vault, hangedman_vaults_locks,
          vaults_room_hallway, nicolae_vaults_border_crossing, st_lattice,
          vaults_room_door_ring, layout_vaults_maze, serial_shops, shop,
          uniq_norris
Vaults:2: hangedman_vaults_nails, nicolae_vaults_specimen_jars,
          vaults_mumra_lcd, hangedman_vaults_river_flow,
          nicolae_vaults_trapezoid_1, nicolae_vaults_network_square,
          vaults_dpeg_doors, nicolae_vaults_trapezoid_1,
          nicolae_vaults_asterisk, ontoclasm_vaults_idyll,
          nicolae_vaults_closet_pinwheel_2, v_misc_29, layout_vaults_omnibox
Vaults:3: minmay_crypt_entry_simple_corners,
          nicolae_vaults_door_testing_chamber, nicolae_vaults_shelves_hall,
          v_misc_26, v_misc_2, nicolae_vaults_trapezoid_lopsided_1,
          ontoclasm_vaults_hangar, v_rooms_5, ontoclasm_vaults_loading_screen,
          nicolae_vaults_wine_cellar, vaults_room_pools,
          layout_vaults_omnicross, uniq_frederick
Vaults:4: nicolae_vaults_minivaults, nicolae_vaults_cochlea, grunt_vaults_focal,
          hangedman_vaults_stretched_pinwheel, nicolae_vaults_little_squares_4,
          ontoclasm_vaults_fault, nicolae_vaults_house_2,
          layout_vaults_chaotic_city, serial_shops,
          nicolae_shop_tiny_statue_garden, uniq_zenata
Vaults:5
Crypt:1:  layout_regular_city, basic_altar
Crypt:2:  layout_chaotic_city, gammafunk_ghost_necromancy,
          nicolae_crypt_grave_offerings
Crypt:3:  quadcrypt_mu, uniq_khufu, uniq_grunn
Depths:1: layout_cave_pools, serial_shops, shop,
          nicolae_hell_entry_hellmouth_sunbeams, serial_bayou_pond_a,
          moated_statue, grunt_ministairs_9, nrook_mini_backslash,
          minmay_checkered_concentric_circles
Depths:2: nicolae_aperiodic_l_corner, layout_basic,
          serial_library_hellmonk_angled_corner, serial_sigils,
          serial_sigils_hangedman_carve, serial_sigils_hangedman_shear,
          serial_sigils_hangedman_gut, serial_sigils_hangedman_scratch,
          serial_sigils_hangedman_confine, abyss_entry, rand_demon_pan_entry_8,
          hell_entry
Depths:3: minmay_dotted_concentric_squares, layout_cave_pools,
          grunt_hell_entry_dis_mu, nicolae_abyss_entry_one_way_or_another
Depths:4: evilmike_zot_entry_argh, layout_basic, enter_ziggurat_b,
          serial_rivers, chequers_serial_rivers_large_b,
          chequers_serial_rivers_micro_d, chequers_serial_rivers_marsh,
          chequers_serial_rivers_micro_e, chequers_serial_rivers_micro_d,
          pf_hell_entry_great_geh, dk_noncrumbling_4, fedhas_altar_3, uniq_boris
Hell
Zot:1:    layout_basic, skrybe_zot_glass_2, regret_index_zotdec_tunneler,
          grunt_ministairs_6
Zot:2:    grunt_twist_and_shout, layout_onion, hangedman_zot_decor_slant
Zot:3:    layout_concentric_octagons,
          regret_index_zotdec_abyssal_contain_seething_sorcery,
          regret_index_zotdec_twisting_globes
Zot:4:    layout_twisted_circle, regret_index_zotdec_slimy_original,
          regret_index_zotdec_plus
Zot:5:    layout_gridlike

Skill      XL: |  1  2  3  4  5  6  7  8  9 10 11 12 13 14 15 16 17 18 19 20 21 22 23 24 25 26 27 |
---------------+----------------------------------------------------------------------------------+-----
Conjurations   | 1 2 3 4 6 7 8 10 11 13 15 16 17 18 19 21 22 | 22.0
Spellcasting   | 2 3 4 5 6 8 10 11 13 14 16 18 21 27 | 27.0
Earth Magic    | 3 4 5 6 7 9 10 11 13 15 | 15.0
Fighting       | 5 6 10 12 15 16 18 19 20 | 20.2
Evocations     | 5 8 9 12 | 12.0
Dodging        | 5 6 9 10 | 10.0
Invocations    | 5 6 9 10 | 10.0
Alchemy        | 5 10 | 10.0
Summonings     | 7 10 | 10.0
Stealth        | |  1.5

Action                     |  1- 3 |  4- 6 |  7- 9 | 10-12 | 13-15 | 16-18 | 19-21 | 22-24 | 25-27 || total
---------------------------+-------+-------+-------+-------+-------+-------+-------+-------+-------++-------
  Melee: Unarmed           |     8 |       |       |       |       |       |       |       |       ||     8
         Short sword       |       |       |     1 |       |       |       |       |       |       ||     1
         War axe           |       |       |     1 |       |       |       |       |       |       ||     1
         Staff             |       |       |       |     8 |    38 |    11 |    20 |    19 |    53 ||   149
  Throw: Dart              |       |       |       |       |     1 |     2 |       |       |       ||     3
   Cast: Sandblast         |    47 |    60 |    51 |     4 |     1 |       |       |       |       ||   163
         Stone Arrow       |       |     1 |    93 |   315 |    75 |       |       |       |       ||   484
         Bombard           |       |       |       |       |   442 |   561 |   580 |   603 |    67 ||  2253
         Passwall          |       |       |       |       |     3 |     3 |       |       |       ||     6
         Irradiate         |       |       |       |       |       |    12 |    30 |    27 |    21 ||    90
         Fireball          |       |       |       |       |       |       |     3 |    10 |     1 ||    14
         Blink             |       |       |       |       |       |       |     1 |     6 |     9 ||    16
         Spellforged Servi |       |       |       |       |       |       |       |    30 |    89 ||   119
         Lehudib's Crystal |       |       |       |       |       |       |       |       |   694 ||   694
         Orb of Destructio |       |       |       |       |       |       |       |       |     1 ||     1
         Lee's Rapid Decon |       |       |       |       |       |       |       |       |    11 ||    11
 Invoke: Recall Ancestor   |       |       |     2 |     4 |    32 |     6 |     9 |     6 |    20 ||    79
         Ancestor Life: Kn |       |       |       |     1 |       |       |       |       |       ||     1
         Transference      |       |       |       |       |       |     2 |     2 |     1 |       ||     5
         Idealise          |       |       |       |       |       |     1 |     4 |     2 |    20 ||    27
Ability: Invent Gizmo      |       |       |       |       |     1 |       |       |       |       ||     1
  Evoke: Wand              |     2 |       |     3 |     1 |     6 |     3 |     5 |     8 |     7 ||    35
         Sack of spiders   |       |       |       |       |       |       |       |       |     2 ||     2
         Phial of floods   |       |       |       |       |       |       |       |       |     1 ||     1
         Lightning rod     |       |       |       |       |       |       |       |       |     1 ||     1
    Use: Scroll            |       |     4 |     3 |    10 |    15 |     6 |     7 |     1 |    15 ||    61
         Potion            |       |       |     1 |     1 |     6 |     3 |       |     2 |    16 ||    29
   Stab: Sleeping          |       |       |       |       |       |     1 |       |       |       ||     1
 Armour: Robe              |    14 |    14 |       |       |       |       |       |    58 |   496 ||   582
         Leather armour    |       |     8 |    50 |    73 |   184 |   237 |   207 |   178 |       ||   937
  Dodge: Dodged            |    16 |    12 |    45 |    49 |   110 |    85 |   108 |   156 |   367 ||   948
         Repelled          |       |     5 |     4 |     8 |    19 |    78 |    49 |    37 |       ||   200

Table legend: (Time is in decaauts)
 A = Elapsed time spent in this place.
 B = Non-inter-level travel time spent in this place.
 C = Inter-level travel time spent in this place.
 D = Time resting spent in this place.
 E = Time spent auto-exploring this place.
 F = Levels seen in this place.
 G = Mean time per level.
                   A        B        C        D        E       F      G
               +--------+--------+--------+--------+--------+-----+--------+
         Total |  96510 |  86000 |  10510 |  19329 |  47564 |  60 | 1608.5 |
       Dungeon |  25436 |  21634 |   3802 |   4751 |  13221 |  15 | 1695.7 |
        Temple |     10 |     10 |      0 |      0 |      0 |   1 |   10.0 |
          Lair |  11286 |  10090 |   1196 |   2490 |   5550 |   5 | 2257.2 |
         Swamp |   5573 |   4964 |    609 |    957 |   2958 |   4 | 1393.2 |
     Snake Pit |   6632 |   6323 |    309 |    959 |   4090 |   4 | 1658.0 |
    Slime Pits |   2364 |   2242 |    122 |    868 |    745 |   5 |  472.8 |
  Orcish Mines |   2510 |   2143 |    367 |    522 |   1087 |   2 | 1255.0 |
   Elven Halls |   4282 |   4162 |    120 |    597 |   2573 |   3 | 1427.3 |
        Vaults |  13763 |  11731 |   2032 |   2685 |   5748 |   5 | 2752.6 |
         Crypt |   4883 |   4524 |    359 |    362 |   3160 |   3 | 1627.7 |
        Depths |   7156 |   6483 |    673 |   1469 |   3554 |   4 | 1789.0 |
          Hell |     17 |     17 |      0 |      0 |      0 |   1 |   17.0 |
           Zot |   9334 |   8419 |    915 |   1624 |   4772 |   5 | 1866.8 |
         Abyss |    466 |    466 |      0 |    183 |      0 |   1 |  466.0 |
         Trove |     48 |     48 |      0 |      0 |      0 |   1 |   48.0 |
      Ice Cave |   2741 |   2741 |      0 |   1861 |    106 |   1 | 2741.0 |
               +--------+--------+--------+--------+--------+-----+--------+

Top non-repeatable levels by time:
Vaults:2: 3185 daAuts
Vaults:3: 3074 daAuts
    D:10: 2928 daAuts
Vaults:5: 2794 daAuts
Vaults:1: 2743 daAuts
   IceCv: 2741 daAuts
Depths:4: 2686 daAuts
  Lair:5: 2641 daAuts
   Zot:1: 2505 daAuts
    D:15: 2490 daAuts
  Lair:3: 2483 daAuts
  Lair:1: 2463 daAuts
 Crypt:3: 2296 daAuts
     D:8: 2265 daAuts
  Lair:2: 2134 daAuts
